 Dungeon Crawl Stone Soup version 0.30.1-11-g7821555f0a (webtiles) character file.

Game seed: 5147526087088019723

1147 Martska the Trooper (level 8, -12/65 HPs)
             Began as a Demonspawn Fighter on Dec 14, 2023.
             Killed from afar by an acid dragon (20 damage)
             ... with a splash of acid
             ... on level 5 of the Dungeon.
             The game lasted 00:06:30 (4287 turns).

Martska the Trooper (Demonspawn Fighter)            Turns: 4287, Time: 00:06:32

Health: -12/65     AC: 11    Str: 24    XL:     8   Next: 15%
Magic:  8/8        EV: 10    Int:  9    God:
Gold:   263        SH:  5    Dex: 14    Spells: 7/7 levels left

rFire   . . .        f - +2 dagger (vamp)
rCold   . . .        c - +0 buckler
rNeg    . . .        l - +2 chain mail {Will+}
rPois   .            (helmet restricted)
rElec   .            t - +0 cloak
rCorr   .            (no gloves)
SInv    .            (no boots)
Will    +....        i - amulet of the acrobat Stlth
                     s - +6 ring of strength
HPRegen 0.30/turn    (no ring)
MPRegen 0.22/turn

%: acrobat
@: corroded
A: horns 1, thin metallic scales 2, demonic guardian 1, magic regeneration
a: no special abilities


You were on level 5 of the Dungeon.
You visited 2 branches of the dungeon, and saw 6 of its levels.

You collected 263 gold pieces.

Inventory:

Hand Weapons
 a - a +0 war axe
 f - a +2 vampiric dagger (weapon)
 n - a +1 dagger of venom
Armour
 b - a +0 scale mail
 c - a +0 buckler (worn)
 l - a +2 chain mail of willpower (worn)
 t - a +0 cloak (worn)
 u - a +0 helmet
Jewellery
 i - an amulet of the acrobat (around neck)
 q - a ring of wizardry
 s - a +6 ring of strength (left hand)
Wands
 p - a wand of paralysis (5)
Scrolls
 g - a scroll of brand weapon {unknown}
 h - 5 scrolls of identify {unknown}
 j - 2 scrolls of enchant armour {unknown}
 k - a scroll of teleportation {unknown}
 m - 2 scrolls of immolation {unknown}
 r - 4 scrolls of vulnerability {unknown}
 w - a scroll of blinking {unknown}
Potions
 d - 2 potions of might
 e - a potion of curing
 o - 3 potions of flight {unknown}
 v - a potion of degeneration {unknown}


   Skills:
 * Level 6.3 Fighting
 - Level 1.7 Axes
 + Level 4.4 Armour
 * Level 4.9 Dodging
 + Level 4.3 Shields


You had 7 spell levels left.
You didn't know any spells.
Your spell library contained the following spells:

 Spells                   Type           Power      Damage    Failure   Level
 Freeze                   Ice            0%         1d3       95%         1
 Slow                     Hex            0%         N/A       95%         1
 Blink                    Tloc           0%         N/A       98%         2
 Lesser Beckoning         Tloc           0%         N/A       98%         2
 Momentum Strike          Conj/Tloc      0%         3d8       98%         2
 Confusing Touch          Hex            0%         N/A       100%        3
 Frozen Ramparts          Ice            0%         1d1       100%        3
 Hailstorm                Conj/Ice       0%         3d3       100%        3
 Vampiric Draining        Necr           0%         2d6       100%        3
 Anguish                  Hex/Necr       0%         N/A       100%        4
 Cause Fear               Hex            0%         N/A       100%        4
 Ice Form                 Ice/Tmut       0%         N/A       100%        4
 Summon Ice Beast         Ice/Summ       0%         N/A       100%        4
 Enfeeble                 Hex            0%         N/A       100%        7


Dungeon Overview and Level Annotations

Branches:
Dungeon (5/15)             Temple (1/1) D:4

Altars:
Ashenzari
Dithmenos
Hepliaklqana
Kikubaaqudgha
Makhleb
Nemelex Xobeh
Okawaru
Sif Muna
Trog
Uskayaw
Vehumet
Wu Jian
Xom
Yredelemnul


Innate Abilities, Weirdness & Mutations

You have a pair of small horns on your head.
You are mostly covered in thin metallic scales. (AC +3)
A weak demonic guardian rushes to your aid.
You regenerate magic rapidly.


Message History

* * * LOW HITPOINT WARNING * * *
The acid dragon claws you but does no damage.
Your ufetubus hits the acid dragon but does no damage.
Your ufetubus misses the acid dragon.
You feel better.
Your ufetubus closely misses the acid dragon.
Your ufetubus hits the acid dragon but does no damage.
The acid dragon spits acid at your ufetubus.
The splash of acid hits your ufetubus!!
Your ufetubus dies!
Your ufetubus disappears in a puff of smoke!
The worm bites you but does no damage.
You feel better. The acid dragon spits acid at you.
The splash of acid hits you!
* * * LOW HITPOINT WARNING * * *
The acid corrodes you!
You feel better. The worm bites you.
* * * LOW HITPOINT WARNING * * *
The acid dragon bites you.
* * * LOW HITPOINT WARNING * * *
The acid dragon claws you but does no damage.
You barely miss the acid dragon.
You headbutt the acid dragon, but do no damage.
The acid dragon is heavily wounded.
The acid dragon misses you.
The acid dragon claws you but does no damage.
The worm barely misses you.
You hit the acid dragon but do no damage.
The acid dragon is heavily wounded.
You block the acid dragon's attack.
The acid dragon claws you but does no damage.
You hit the acid dragon but do no damage.
The acid dragon is heavily wounded.
The worm bites you!
* * * LOW HITPOINT WARNING * * *
A demonic guardian appears!
The acid dragon spits acid at you. The splash of acid hits you!!
You die...

#...# ##... #..#..
...#### ##....
#.....#####..#..###.....
........#.............#
............###......#
##..........##.......#
#....5...............#
##....w...............'
#....D@...............#
.......................#
..................†....#
.......................#
......[..........##.....
.........|.......#......
.......##...............
....... .....<...#......
... ..#.##/


You could see an acid dragon (catching breath), a worm (ally target) and a
friendly quasit (summoned).

Vanquished Creatures
  A sky beast (D:4)
  An ice beast (D:4)
  A black bear (D:4)
  An ogre (D:4)
  A phantom (D:5)
  A scorpion (D:4)
  2 howler monkeys
  3 hounds (D:5)
  A jelly (D:5)
  Terence (D:2)
  3 iguanas
  2 orc wizards
  7 adders
  A gnoll (D:1)
  An ufetubus (D:5)
  4 dart slugs
  13 orcs
  6 ball pythons
  7 bats
  5 endoplasms
  4 giant cockroaches
  10 goblins
  5 hobgoblins
  5 jackals
  7 kobolds
  5 quokkas
  3 frilled lizards
  8 rats
109 creatures vanquished.

Vanquished Creatures (collateral kills)
  A black bear (D:4)
  An iguana (D:5)
2 creatures vanquished.

Vanquished Creatures (others)
  An orc (D:4)
1 creature vanquished.

Grand Total: 112 creatures vanquished

Notes
Turn   | Place    | Note
-------+----------+-------------------------------------------
     0 | D:1      | Martska the Demonspawn Fighter began the quest for the Orb.
     0 | D:1      | Reached XP level 1. HP: 18/18 MP: 1/1
   102 | D:1      | Gained mutation: You are partially covered in thin metallic
                  | scales. (AC +2) [demonic ancestry]
   102 | D:1      | Reached XP level 2. HP: 23/24 MP: 2/2
   164 | D:1      | Found a faded altar of an unknown god.
   287 | D:1      | Reached skill level 1 in Dodging
   442 | D:1      | Reached XP level 3. HP: 29/29 MP: 3/3
  1189 | D:2      | Gained mutation: You are mostly covered in thin metallic
                  | scales. (AC +3) [demonic ancestry]
  1189 | D:2      | Reached XP level 4. HP: 37/37 MP: 4/4
  1400 | D:2      | Noticed Terence
  1441 | D:2      | Killed Terence
  1442 | D:2      | Reached skill level 4 in Fighting
  2349 | D:3      | Found a shimmering blue altar of Sif Muna.
  2383 | D:3      | Gained mutation: You regenerate magic rapidly. [demonic
                  | ancestry]
  2383 | D:3      | Reached XP level 5. HP: 40/42 MP: 5/5
  2547 | D:3      | Found a burning altar of Makhleb.
  2547 | D:3      | Noticed an Executioner
  2857 | D:4      | Noticed a black bear
  2870 | D:4      | Killed a black bear
  2871 | D:4      | Gained mutation: You have a pair of small horns on your
                  | head. [demonic ancestry]
  2871 | D:4      | Reached XP level 6. HP: 27/49 MP: 6/6
  2888 | D:4      | Reached skill level 5 in Fighting
  2947 | D:4      | Found an ancient bone altar of Kikubaaqudgha.
  3143 | D:4      | Found a staircase to the Ecumenical Temple.
  3271 | D:4      | Found a bloodstained altar of Trog.
  3339 | D:4      | Found a sparkling altar of Nemelex Xobeh.
  3390 | Temple   | Entered the Ecumenical Temple
  3480 | D:4      | Found a broken altar of Ashenzari.
  3484 | D:4      | Saw a vision of the Swamp and the Snake Pit.
  3484 | D:4      | Noticed an alligator
  3484 | D:4      | Noticed a salamander
  3484 | D:4      | Noticed a black mamba
  3484 | D:4      | Noticed a naga sharpshooter
  3484 | D:4      | Noticed a black mamba
  3484 | D:4      | Noticed a naga
  3484 | D:4      | Noticed a naga mage
  3522 | D:4      | Gained mutation: A weak demonic guardian rushes to your
                  | aid. [demonic ancestry]
  3522 | D:4      | Reached XP level 7. HP: 56/56 MP: 7/7
  3651 | D:4      | Found an iron altar of Okawaru.
  3808 | D:5      | Entered Level 5 of the Dungeon
  3843 | D:5      | Reached skill level 6 in Fighting
  4039 | D:5      | Reached XP level 8. HP: 55/64 MP: 8/8
  4187 | D:5      | Found a shimmering altar of Xom.
  4287 | D:5      | Killed from afar by an acid dragon

Illustrated notes

Levels and vault maps discovered:
D:1:      dpeg_arrival_pits, layout_loops_ring, chequers_ecumenical_altar_simple
D:2:      kb_forest_paths, layout_loops_ring, minmay_tromino_v4_c, uniq_terence
D:3:      layout_loops_ring, kennysheep_orc_sif_temple,
          makhleb_altar_promises_db
D:4:      layout_loops_ring, general_overflow_altar,
          mainiacjoe_overflow_chevrons, lemuel_coloured_pillars_altar,
          nicolae_overflow_crystal_walls, grunt_ashenzari_visionary
          [grunt_ashenzari_visionary_swamp, grunt_ashenzari_visionary_snake],
          minmay_temple_entry_sparse_star, minmay_fractal_squares_diagonal_5
D:5:      layout_cave_pools, mainiacjoe_overflow_six_doors_small,
          chequers_jeans, nicolae_underground_beach
Temple:   nicolae_temple_ecumenical_triangle

Skill      XL: |  1  2  3  4  5  6  7 |
---------------+----------------------+-----
Dodging        | 1 2 3 4 |  4.9
Armour         | 3 4 |  4.4
Shields        | 3 4 |  4.3
Fighting       | 4 5 6 |  6.3
Axes           | |  1.7

Action                     |  1- 3 |  4- 6 |  7- 9 || total
---------------------------+-------+-------+-------++-------
  Melee: War axe           |    11 |       |       ||    11
         Dagger            |   129 |   303 |   209 ||   641
         Headbutt          |       |    14 |    50 ||    64
    Use: Potion            |       |     2 |     3 ||     5
 Armour: Scale mail        |    75 |    16 |       ||    91
         Chain mail        |       |   137 |   148 ||   285
  Dodge: Dodged            |    68 |   129 |   152 ||   349
  Block: Buckler           |    31 |    55 |    67 ||   153
